 Dungeon Crawl Stone Soup version 0.31.0-11-ge490571c62 (webtiles) character file.

Game seed: 11091004825506602984

41 Bravepunisher the Ducker (level 3, 0/20 HPs)
             Began as a Spriggan Monk on Jan 26, 2024.
             Shot with an arrow by a centaur (3 damage)
             ... on level 7 of the Dungeon.
             The game lasted 00:05:07 (1509 turns).

Bravepunisher the Ducker (Spriggan Monk)            Turns: 1509, Time: 00:05:08

Health: 0/20       AC:  2    Str:  7    XL:     3   Next: 32%
Magic:  4/4        EV: 19    Int: 11    God:
Gold:   131        SH:  0    Dex: 19    Spells: 2/2 levels left

rFire   . . .        a - +0 short sword
rCold   . . .        (no shield)
rNeg    . . .        b - +0 robe
rPois   .            (helmet restricted)
rElec   .            (no cloak)
rCorr   .            (gloves unavailable)
SInv    +            (boots unavailable)
Will    .....        (no amulet)
Stlth   ++           (no ring)
HPRegen 0.23/turn    (no ring)
MPRegen 0.09/turn

%: no passive effects
@: very quick
A: very small, no large weapons, unfitting armour, see invisible, speed 3
a: no special abilities


You were on level 7 of the Dungeon.
You visited 1 branch of the dungeon, and saw 9 of its levels.

You collected 131 gold pieces.

Inventory:

Hand Weapons
 a - a +0 short sword (weapon)
Armour
 b - a +0 robe (worn)
 l - a scarf of repulsion
Jewellery
 e - an amulet of the acrobat
Scrolls
 g - a scroll of revelation {unknown}
 h - 3 scrolls of identify {unknown}
 i - a scroll of poison {unknown}
 k - a scroll of vulnerability {unknown}
 m - a scroll of blinking {unknown}
Potions
 c - a potion of ambrosia
 d - a potion of berserk rage {unknown}
 f - a potion of curing {unknown}
 j - a potion of mutation {unknown}


   Skills:
 * Level 3.3 Fighting
 - Level 3.2 Short Blades
 + Level 4.7 Dodging


You had 2 spell levels left.
You didn't know any spells.
Your spell library was empty.

Dungeon Overview and Level Annotations

Branches:
Dungeon (9/15)             Temple (0/1) D:5
   Lair: D:8-11         Orc: D:9-12

Altars:

Shops:
D:2 [   D:4 ?


Innate Abilities, Weirdness & Mutations

You are very small and have problems with some larger weapons.
You are too small for most types of armour.
You have supernaturally acute eyesight. (SInv)
You cover ground extremely quickly. (Speed+++)


Message History

The steam dragon hisses angrily.
You enter the shallow water.
Moving in this stuff is going to be slow.
You enter the shallow water.
Moving in this stuff is going to be slow.
Found 6 stones and a Necronomicon.
Found a stone staircase leading up.
Found an escape hatch in the ceiling.
There is a stone staircase leading up here.
You climb upwards.
There is a stone staircase leading down here.
A centaur comes into view.
The centaur shouts!
The centaur wields a +0 shortbow.
The centaur shoots an arrow.
The arrow completely misses you.
You open the door.
There is an open door here.
You close the door.
A centaur opens the door.
The centaur shoots an arrow.
The arrow hits you!
Ouch! That really hurt!
The centaur shoots an arrow.
The arrow hits you.
A centaur comes into view.
The centaur shouts!
The centaur wields a +0 shortbow.
The centaur shoots an arrow.
The arrow barely misses you.
The centaur shoots an arrow.
The arrow hits you.
* * * LOW HITPOINT WARNING * * *
The centaur unwields a +0 shortbow.
The centaur completely misses you. The centaur closely misses you.
The centaur barely misses you. The centaur completely misses you.
You open the door. The centaur barely misses you. The centaur kicks you.
* * * LOW HITPOINT WARNING * * *
The centaur barely misses you. The centaur completely misses you.
The centaur wields a +0 shortbow.
The centaur shoots an arrow.
The arrow barely misses you.
There is an open door here.
The centaur shoots an arrow.
The arrow misses you.
Found an escape hatch in the floor.
The centaur shoots an arrow.
The arrow closely misses you.
The centaur shoots an arrow.
The arrow hits you.
You die...

####### #.....# #.....#
#.....# ############.....#
#.........##.....# # ......
#..@......##.....##. ..h...
#>.......c##........ ......
#........c'.........
......##.........####......
.....#.........# #......
.............# #.c....
#.##############...##.
#>.............'......
############.###...##.


You could see 2 centaurs.

Vanquished Creatures
  3 adders
  A dart slug (D:2)
  An orc (D:4)
  A ball python (D:3)
  An endoplasm (D:3)
  A hobgoblin (D:4)
  A bat (D:2)
  4 kobolds
13 creatures vanquished.

Notes
Turn   | Place    | Note
-------+----------+-------------------------------------------
     0 | D:1      | Bravepunisher the Spriggan Monk began the quest for the
                  | Orb.
     0 | D:1      | Reached XP level 1. HP: 11/11 MP: 2/2
   366 | D:2      | Found Bippuradd's Antique Armour Shop.
   431 | D:2      | Reached XP level 2. HP: 9/16 MP: 3/3
   635 | D:4      | Found Oleteo's Magic Scroll Shoppe.
   668 | D:5      | Entered Level 5 of the Dungeon
   673 | D:5      | Found a staircase to the Ecumenical Temple.
   886 | D:4      | Reached XP level 3. HP: 13/20 MP: 4/4
  1102 | D:4      | Noticed a scorpion
  1286 | D:5      | Noticed an ice beast
  1294 | D:5      | Noticed a water moccasin
  1306 | D:6      | Noticed a bullfrog
  1412 | D:7      | You fall into a shaft and drop 2 floors!
  1416 | D:9      | Noticed a kobold brigand
  1432 | D:8      | Noticed a steam dragon
  1486 | D:7      | Noticed a centaur
  1497 | D:7      | Noticed a centaur
  1509 | D:7      | Shot with an arrow by a centaur

Illustrated notes

Levels and vault maps discovered:
D:1:      lemuel_arrival_tunnels, layout_basic,
          hellmonk_ecumenical_altar_run_dry, chequers_serial_rivers_small_3
D:2:      layout_basic, serial_shops, nicolae_shop_tiny_statue_garden
D:3:      layout_basic, minmay_between
D:4:      layout_basic, serial_shops, nicolae_shop_real_fake_doors
D:5:      cheibrodos_quashed, layout_basic, minmay_temple_entry_proselytizer
D:6:      layout_cave_pools, kennysheep_orc_sif_temple
D:7:      layout_basic
D:8:      layout_loops_ring, serial_rivers, chequers_serial_rivers_small_3,
          chequers_serial_rivers_large_a, chequers_serial_rivers_marsh,
          chequers_serial_rivers_small_b
D:9:      layout_rooms, serial_shops, nicolae_shop_overgrown_old_shop,
          minmay_misc_feat_x, chequers_serial_rivers_room_b, minmay_shop_mass,
          uniq_grum, uniq_harold

Skill      XL: |  1  2 |
---------------+-------+-----
Fighting       | 3 |  3.3
Short Blades   | |  3.2
Dodging        | |  4.7

Action                     || total
---------------------------++-------
  Melee: Short sword       ||    74
         Punch             ||     1
 Armour: Robe              ||    25
  Dodge: Dodged            ||    82
